[Event "*** Titled Tuesday 3|2 Blitz"]
[Site "Chess.com"]
[Date "2015.08.04"]
[Round "6"]
[White "Dlugy"]
[Black "bugsbunny444"]
[Result "1-0"]
[WhiteElo "2552"]
[BlackElo "2310"]
[TimeControl "180+2"]
[EndTime "12:46:20 PDT"]
[Termination "Dlugy won on time"]

1. d4 e6 2. c4 b6 3. e4 Bb7 4.
Bd3 Bb4+ 5. Bd2 Bxd2+ 6. Nxd2 Nc6 7.
Ngf3 Qf6 8. Nb3 a5 9. a4 Nge7 10. O-O d6 11. Re1 Ng6 12. c5 dxc5 13. dxc5 O-O 14.
cxb6 cxb6 15. Nbd2 Rfd8 16. Bb5 Nce5 17. Qb3 Nf4 18.
Nxe5 Rxd2 19. Nd7 Qd4 20. Qe3 Qxe3 21. Rxe3 Rxb2 22. Nxb6 Rd8 23. Nc4 Rb4 24. Nxa5 Bxe4 25. f3 Bd3 26. Nc6 Bxb5 27. axb5 Rbd4 28. Nxd4 1-0

[Event "*** Titled Tuesday 3|2 Blitz"]
[Site "Chess.com"]
[Date "2015.08.04"]
[Round "6"]
[White "jefferyx"]
[Black "pedromartinez91"]
[Result "1-0"]
[WhiteElo "2418"]
[BlackElo "2126"]
[TimeControl "180+2"]
[EndTime "12:46:34 PDT"]
[Termination "jefferyx won by resignation"]

1. b4 c6 2. Bb2 Qb6 3. a3 a5 4.
e3 axb4 5. Bd4 c5 6. Bxc5 Qc7 7. Bxb4 Nc6 8. Bc3 d5 9. Nf3 e5 10. Bb5 Bd6 11. d4 e4 12. Ne5 Ne7 13. a4 O-O 14. Nxc6 bxc6 15. Be2 Bxh2 16. g3 Bxg3 17. fxg3 Qxg3+ 18. Kd2 Ba6 19. Qg1 Qd6 20. Qh2 Qg6 21. Bb4 Bxe2 22. Qxe2 Nf5 23. Bxf8 Ng3 24. Rg1 Nxe2 25.
Rxg6 fxg6 26. Bxg7 Ng1 27. Bh6 Nf3+ 28. Ke2 g5 29.
Nd2 Kf7 30. Nxf3 exf3+ 31. Kxf3 Kg6 32. Rh1 Rxa4 33. Bf8 h5 34. Rg1 Rc4 35. Rg2 Kf5 36. Be7 g4+ 37. Kg3 Rc3 38. Rf2+ Ke4 39. Bg5 Rxe3+ 40.
Bxe3 Kxe3 41. Rf6 Kxd4 42. Rxc6 Ke3 43. Rh6 d4 44. Rxh5 Kd2 45. Rd5 1-0

[Event "*** Titled Tuesday 3|2 Blitz"]
[Site "Chess.com"]
[Date "2015.08.04"]
[Round "6"]
[White "stefanodinn"]
[Black "AnthonyWirig"]
[Result "0-1"]
[WhiteElo "2143"]
[BlackElo "2501"]
[TimeControl "180+2"]
[EndTime "12:46:58 PDT"]
[Termination "AnthonyWirig won by resignation"]

1. e4 c5 2. Nf3 d6 3. d4 cxd4 4.
Nxd4 Nf6 5. f3 e5 6. Nb3 a5 7. Nc3 a4 8. Nd2 d5 9. Nxd5 Nxd5 10. exd5 a3 11. Bb5+ Bd7 12. Qe2 f6 13. Bxd7+ Nxd7 14. c4 axb2 15. Bxb2 Qa5 16. a3 Bc5 17. Qd3 O-O 18. Bc3 Qa7 19. Ke2 f5 20. Rhf1 Rae8 21. Qc2 Bd4 22. Nb3 Nc5 23. Nxc5 Bxc5 24. Qb3 b6 25. a4 e4 26. f4 Qf7 27. Kd2 e3+ 28. Kc2 e2 29. Rfe1 Re3 0-1

[Event "*** Titled Tuesday 3|2 Blitz"]
[Site "Chess.com"]
[Date "2015.08.04"]
[Round "6"]
[White "fancyknightmaneuvers"]
[Black "ChessWarrior7197"]
[Result "0-1"]
[WhiteElo "2183"]
[BlackElo "2437"]
[TimeControl "180+2"]
[EndTime "12:47:07 PDT"]
[Termination "ChessWarrior7197 won by resignation"]

1. e4 e5 2. Nf3 Nc6 3. d4 exd4 4. Nxd4 Bb4+ 5. c3 Bc5 6. Be3 Bb6 7. Bc4 Nge7 8. O-O O-O 9. f4 Nxd4 10. cxd4 d5 11. Bd3 dxe4 12. Bxe4 Nd5 13. Bxd5 Qxd5 14.
Nc3 Qe6 15. Qf3 Rd8 16. Rad1 Qg4 17. Rd2 Qxf3 18. Rxf3 Bf5 19. h3 c6 20. g4 Be6 21.
Kf2 Bd5 22. Rg3 f6 23. Rd1 Kf7 24. g5 f5 25. g6+ hxg6 26. Rdg1 Rd6 27. b3 Re8 28.
Na4 Bd8 29. Nc5 Bh4 30. Nxb7 Bxg3+ 31. Rxg3 Rd7 32. Nc5 Rde7 33. Nd3 Re6 34. Ne5+ Kg8 35. Nxg6 a5 36. Ne5 a4 37. bxa4 Ra8 38. Nd3 Rxa4 39. Nc1 Bxa2 40. Rg5 Bb1 41. Ne2 Ra2 0-1

[Event "*** Titled Tuesday 3|2 Blitz"]
[Site "Chess.com"]
[Date "2015.08.04"]
[Round "6"]
[White "MFBerna"]
[Black "BjarkeSahl"]
[Result "1-0"]
[WhiteElo "2064"]
[BlackElo "2099"]
[TimeControl "180+2"]
[EndTime "12:47:13 PDT"]
[Termination "MFBerna won by resignation"]

1. e4 c5 2. Nf3 Nf6 3. Nc3 d6 4.
d4 cxd4 5. Nxd4 a6 6. Be2 e5 7.
Nb3 h6 8. O-O Be6 9. Be3 Qc7 10.
f4 exf4 11. Rxf4 Be7 12. Nd4 Nc6 13. Qd2 Ne5 14. Nf5 Bxf5 15. Rxf5 Nc4 16. Bxc4 Qxc4 17. Qd3 Rc8 18. Bd4 b5 19. a3 Qxd3 20. cxd3 O-O 21. Raf1 Nd7 22. Nd5 Bd8 23. R5f3 f6 24. Rg3 Kf7 25.
Ne3 Bb6 26. Bxb6 Nxb6 27. Nf5 g6 28. Nxd6+ Kg7 29. Nxc8 Rxc8 30. Rgf3 Nd7 31. d4 Rc4 32. e5 f5 33. Rd1 Kf7 34. Re3 f4 35. Re4 Ke6 36. d5+ Kf5 37. Rxc4 1-0

[Event "*** Titled Tuesday 3|2 Blitz"]
[Site "Chess.com"]
[Date "2015.08.04"]
[Round "6"]
[White "josiwales"]
[Black "rhungaski"]
[Result "0-1"]
[WhiteElo "2058"]
[BlackElo "2471"]
[TimeControl "180+2"]
[EndTime "12:47:16 PDT"]
[Termination "rhungaski won by resignation"]

1. e4 e5 2. Nf3 Nc6 3. Bb5 a6 4. Ba4 Nf6 5. O-O Be7 6. Re1 b5 7.
Bb3 d6 8. c3 O-O 9. h3 Na5 10.
Bc2 c5 11. d3 Nc6 12. Be3 Re8 13. Nbd2 Bf8 14. Nf1 h6 15. g4 h5 16. g5 Nh7 17.
h4 g6 18. Ng3 Bg4 19. Kg2 f6 20. Qd2 Bxf3+ 21. Kxf3 fxg5 22. Bxg5 Nxg5+ 23. Qxg5 Qxg5 24. hxg5 Be7 25. Rg1 Rf8+ 26. Ke2 Kg7 27. f3 Rf4 28. Nf1 Raf8 29. Nd2 Nd8 30. a4 b4 31. cxb4 cxb4 32.
Bb3 Nb7 33. Bd5 Nc5 34. Ke3 a5 35. b3 Bd8 36. Ke2 Rh4 37. Rg2 Rh3 38. Rf1 h4 39.
Rff2 Rg3 40. Nf1 Rxg2 41. Rxg2 h3 42. Rg3 Rh8 43. Nh2 Rh5 44. Ke3 Bxg5+ 45. Ke2 Bf4 0-1

[Event "*** Titled Tuesday 3|2 Blitz"]
[Site "Chess.com"]
[Date "2015.08.04"]
[Round "6"]
[White "Mugzyyy"]
[Black "GMHess"]
[Result "1-0"]
[WhiteElo "2618"]
[BlackElo "2533"]
[TimeControl "180+2"]
[EndTime "12:47:22 PDT"]
[Termination "Mugzyyy won by checkmate"]

1. d4 g6 2. c4 Bg7 3. e4 d6 4.
Nc3 e5 5. Nge2 exd4 6. Nxd4 Nc6 7. Be3 Nge7 8. h4 h5 9. Qd2 Ne5 10. f3 a6 11. O-O-O Bd7 12. Kb1 Qc8 13. Nb3 Be6 14.
c5 Bxb3 15. axb3 Qe6 16. cxd6 O-O-O 17. Bc5 Qxb3 18. Qc2 Qxc2+ 19. Kxc2 N7c6 20. dxc7 Rxd1 21. Kxd1 Kxc7 22. Kc2 Bf8 23. Nd5+ Kb8 24. Be3 Nb4+ 25. Nxb4 Bxb4 26. Kb3 Bd6 27. Be2 Nc6 28. Rd1 Kc7 29. f4 Re8 30. e5 Be7 31. g3 f6 32. Bd3 fxe5 33. Bxg6 Rg8 34. f5 Bd6 35. Bg5 e4 36. Bf7 Rf8 37. Be6 Bxg3 38. f6 Be5 39. Rd7+ Kb6 40.
Be3+ Ka5 41. f7 Bg7 42. Rxb7 Nd4+ 43. Kc4 Nxe6 44. Bd2+ Ka4 45. Rb4+ Ka5 46. Rb3+ Ka4 47. Ra3# 1-0

[Event "*** Titled Tuesday 3|2 Blitz"]
[Site "Chess.com"]
[Date "2015.08.04"]
[Round "6"]
[White "CraiggoryC"]
[Black "silverback96"]
[Result "1-0"]
[WhiteElo "2011"]
[BlackElo "1873"]
[TimeControl "180+2"]
[EndTime "12:47:32 PDT"]
[Termination "CraiggoryC won by checkmate"]

1. e4 e6 2. d4 d5 3. Nd2 Nf6 4.
e5 Nfd7 5. Bd3 c5 6. c3 Nc6 7. Ngf3 cxd4 8. cxd4 Be7 9. O-O g5 10. Nb3 g4 11. Nfd2 h5 12. f4 gxf3 13. Qxf3 Rf8 14. Qxh5 a5 15. Rxf7 Rxf7 16. Bg6 Nf8 17. Bxf7+ Kd7 18.
Nf3 a4 19. Nc5+ Bxc5 20. dxc5 Qa5 21. Be8+ Kc7 22. Qf7+ Nd7 23. Qxe6 Qxc5+ 24. Kh1 Ndxe5 25. Qf6 Nxf3 26. Bf4+ Kb6 27. Rc1 Qf2 28. Bxc6 bxc6 29. Qxc6+ Ka7 30. Qxa4+ Kb7 31. Rc7+ Kb6 32. Rc6+ Kb7 33.
Qb5+ Ka7 34. Qa5+ Kb7 35. Qc7# 1-0

[Event "*** Titled Tuesday 3|2 Blitz"]
[Site "Chess.com"]
[Date "2015.08.04"]
[Round "6"]
[White "Gergo85"]
[Black "Haykos"]
[Result "1-0"]
[WhiteElo "2325"]
[BlackElo "2178"]
[TimeControl "180+2"]
[EndTime "12:47:35 PDT"]
[Termination "Gergo85 won by resignation"]

1. Nc3 e5 2. e4 Nc6 3. f4 d6 4. Nf3 exf4 5. Bb5 Ne7 6. O-O a6 7. Bc4 Ng6 8. d4 Be7 9. Nd5 b5 10. Bb3 O-O 11. Nxf4 Nxf4 12. Bxf4 Na5 13. Qd3 Bb7 14.
Rae1 c5 15. Bd5 Bxd5 16. exd5 Re8 17. dxc5 dxc5 18. d6 Bf6 19. Qd5 Qd7 20. Be5 Bxe5 21. Nxe5 Qe6 22. Qxc5 Nb7 23. Qc6 Nxd6 24. Nxf7 Qxe1 25.
Rxe1 Rxe1+ 26. Kf2 Rae8 27. Nxd6 R1e2+ 28. Kf3 R2e3+ 29. Kf4 R3e6 30. Qd5 Re7 31. Nf5 1-0

[Event "*** Titled Tuesday 3|2 Blitz"]
[Site "Chess.com"]
[Date "2015.08.04"]
[Round "6"]
[White "Hafez_Bakr"]
[Black "Prolta"]
[Result "1-0"]
[WhiteElo "1777"]
[BlackElo "1698"]
[TimeControl "180+2"]
[EndTime "12:47:36 PDT"]
[Termination "Hafez_Bakr won on time"]

1. e4 e6 2. d4 d5 3. e5 c5 4. c3 Nc6 5. Nf3 a6 6. a3 Qb6 7. b4 cxd4 8. cxd4 Bd7 9. Be2 Nge7 10. O-O Nf5 11. Bb2 g6 12. Qd3 Bg7 13. Nbd2 O-O 14. Nb3 Rfc8 15. Nc5 Qc7 16. Rfc1 Be8 17. Rc2 Qe7 18.
Rac1 Rc7 19. Qd2 Rac8 20. Na4 Bh6 21. Qd3 Bxc1 22. Rxc1 Nd8 23. Rxc7 Qxc7 24. Bd1 b5 25. Nc5 Qb6 26. Bc1 Nb7 27. g4 Ng7 28. Ng5 Nxc5 29.
dxc5 Qd8 30. Qh3 h5 31. gxh5 Nxh5 32. Bxh5 gxh5 33. Qxh5 Qc7 34. Qh7+ Kf8 35. Bf4 Ke7 36.
Qh8 Bd7 37. Qf6+ Ke8 38. Qxf7+ Kd8 39. Qf8+ Be8 40. Nxe6+ 1-0

[Event "*** Titled Tuesday 3|2 Blitz"]
[Site "Chess.com"]
[Date "2015.08.04"]
[Round "6"]
[White "1stSecond"]
[Black "facu57"]
[Result "1-0"]
[WhiteElo "2383"]
[BlackElo "2402"]
[TimeControl "180+2"]
[EndTime "12:47:45 PDT"]
[Termination "1stSecond won by resignation"]

1. d4 Nf6 2. c4 e5 3. dxe5 Ne4 4. Nf3 Nc6 5. Nbd2 Nc5 6. a3 a5 7. b3 d6 8. Bb2 dxe5 9. Nxe5 Nxe5 10. Bxe5 Qe7 11.
Nf3 Bg4 12. Bd4 O-O-O 13. e3 Ne6 14. Be2 c5 15. O-O cxd4 16. exd4 Nf4 17. Re1 Nxe2+ 18. Rxe2 Bxf3 19. gxf3 Qg5+ 20. Kf1 Bd6 21. Re4 Rhe8 22.
Qd3 f5 23. Rxe8 Rxe8 24. h4 Qf4 25. Re1 Rxe1+ 26. Kxe1 g6 27. c5 Bc7 28. Qc4 Qxh4 29. Qe6+ Kb8 30. d5 Qd4 31. d6 Qxc5 32. dxc7+ Qxc7 33. a4 Ka7 34. Kf1 Qb6 35. Qd5 Qc7 36. Qe6 f4 37.
Qd5 Qc3 38. Kg2 h5 39. Kh3 g5 40. Kg2 g4 41. Qxh5 Qxf3+ 42. Kg1 Qd1+ 43. Kg2 f3+ 44. Kg3 Qd6+ 45. Kxg4 Qb4+ 46. Kg3 Kb8 47. Qxf3 Qd6+ 48. Qf4 Kc7 49. Qxd6+ Kxd6 50. Kg4 Kc5 51. f4 Kb4 52. f5 Kxb3 53. f6 b5 54. f7 bxa4 55.
f8=Q a3 56. Qf6 Ka2 57. Qc3 a4 58. Kf4 Kb1 59. Qxa3 1-0

[Event "*** Titled Tuesday 3|2 Blitz"]
[Site "Chess.com"]
[Date "2015.08.04"]
[Round "6"]
[White "eugeniusjr"]
[Black "mortalbovine"]
[Result "0-1"]
[WhiteElo "1939"]
[BlackElo "1791"]
[TimeControl "180+2"]
[EndTime "12:47:45 PDT"]
[Termination "mortalbovine won by resignation"]

1. c4 c5 2. g3 g6 3. Bg2 Bg7 4.
Nc3 Nc6 5. Nf3 Nf6 6. d4 cxd4 7.
Nxd4 O-O 8. c5 Nd5 9. Nxc6 Nxc3 10. Nxd8 Nxd1 11. Nxb7 Bxb7 12. Bxb7 Rab8 13. Kxd1 Rxb7 14. c6 dxc6 15. Kc2 Rfb8 16. Rb1 Rd7 17. Rd1 Rxd1 18.
Kxd1 f5 19. b3 Kf7 20. Kc2 Ke6 21. Be3 Rd8 22. a4 a6 23. Rd1 Rxd1 24. Kxd1 Kd5 25. Kc2 Bd4 26. Kd3 Bxe3 27. Kxe3 Kc5 28. Kd3 Kb4 29. Kc2 c5 30. h4 e5 31. f3 a5 32. Kb2 c4 33. bxc4 Kxc4 34. e3 Kb4 35. e4 Kxa4 36. h5 Kb4 37. g4 fxe4 38. fxe4 Kc4 0-1

[Event "*** Titled Tuesday 3|2 Blitz"]
[Site "Chess.com"]
[Date "2015.08.04"]
[Round "6"]
[White "NMJeevanK"]
[Black "Lying-Ted"]
[Result "1-0"]
[WhiteElo "2079"]
[BlackElo "2008"]
[TimeControl "180+2"]
[EndTime "12:47:50 PDT"]
[Termination "NMJeevanK won by resignation"]

1. e4 Nf6 2. e5 Nd5 3. d4 d6 4. c4 Nb6 5. exd6 cxd6 6. Nc3 g6 7. Nf3 Bg7 8. Be3 O-O 9. Rc1 Bg4 10. b3 Nc6 11.
Be2 d5 12. c5 Nc8 13. h3 Bxf3 14. Bxf3 e6 15. O-O N8e7 16. a3 Nf5 17. b4 Ncxd4 18. Bg4 Nxe3 19. fxe3 Nc6 20. Nb5 a5 21. Qd2 axb4 22.
axb4 Ra4 23. Nd6 Rxb4 24. Rb1 Qa5 25. Rxb4 Qxc5 26. Rxb7 Qxd6 27. Qf2 Ne5 28. Be2 Bh6 29. Rfb1 Qc5 30. R1b3 Qd6 31. g4 Nc4 32. h4 Ne5 33. g5 Bg7 34. h5 Qc5 35. h6 Bh8 36. Rb8 Nd7 37. Rxf8+ Nxf8 38. Rb7 f5 39. gxf6 1-0

[Event "*** Titled Tuesday 3|2 Blitz"]
[Site "Chess.com"]
[Date "2015.08.04"]
[Round "6"]
[White "stepanosinovsky"]
[Black "geeeeri"]
[Result "1-0"]
[WhiteElo "2269"]
[BlackElo "2194"]
[TimeControl "180+2"]
[EndTime "12:48:01 PDT"]
[Termination "stepanosinovsky won by resignation"]

1. g3 d5 2. Bg2 c6 3. d3 Nf6 4.
Nd2 g6 5. e4 e5 6. Ngf3 Bg7 7.
O-O Nbd7 8. exd5 Nxd5 9. Nc4 O-O 10. Re1 Qc7 11. a4 b6 12. h4 f6 13. d4 Ba6 14. Ncd2 exd4 15. Nxd4 Rae8 16. Ne6 Rxe6 17. Rxe6 Nc5 18. Re1 f5 19. Nf3 Rd8 20. Bg5 Rd7 21.
Re8+ Kf7 22. Qe1 Ne4 23. Rxe4 fxe4 24. Qxe4 h6 25. Re1 Re7 26. Bxe7 Qxe7 27. Qxe7+ Nxe7 28. Ne5+ Kf6 29. Nd7+ Kf7 30. Ne5+ Kf6 31. Nxc6 Nf5 32. Nxa7 g5 33. hxg5+ hxg5 34. c3 Nd6 35. Nb5 Nxb5 36. axb5 Bxb5 37. Bd5 Bd7 38. Kg2 g4 39. b3 Kf5 40. Re7 Bxc3 41. Rxd7 Ke5 42. Bc6 Bb4 43.
Rd5+ Ke6 44. Rb5 Kd6 45. Rxb4 Kxc6 46. Rxg4 Kc5 47. Kf3 b5 48. Ke3 Kb6 49. Kd3 Ka5 50. b4+ Ka4 51. Kc3 Ka3 52. Rh4 Ka2 53. Rh1 1-0

[Event "*** Titled Tuesday 3|2 Blitz"]
[Site "Chess.com"]
[Date "2015.08.04"]
[Round "6"]
[White "lexiel"]
[Black "talaicito"]
[Result "1-0"]
[WhiteElo "2297"]
[BlackElo "2058"]
[TimeControl "180+2"]
[EndTime "12:48:03 PDT"]
[Termination "lexiel won by resignation"]

1. d4 e6 2. Nc3 f5 3. e4 fxe4 4. Nxe4 Nf6 5. Bd3 Nc6 6. Ne2 Nb4 7. Nxf6+ Qxf6 8. Bc4 Qg6 9. O-O Qxc2 10. Qxc2 Nxc2 11. Rb1 Nb4 12. a3 Nc6 13. d5 Ne5 14. Ba2 exd5 15. Nc3 Bd6 16. Nb5 O-O 17. Nxd6 cxd6 18.
Bxd5+ Kh8 19. Bg5 Ng6 20. Rfe1 a5 21. Be7 Nxe7 22. Rxe7 Ra6 23. Rbe1 h6 24. Re8 Rxe8 25. Rxe8+ Kh7 26. Rxc8 b5 27. h4 h5 28. g4 hxg4 29.
Be4+ g6 30. h5 b4 31. Rc7 bxa3 32. bxa3 Kh6 33. hxg6 Rb6 34. Rxd7 Rb3 35. g7 Rb8 36. Bd5 g3 37. g8=Q gxf2+ 38. Kxf2 Rxg8 39. Bxg8 1-0

[Event "*** Titled Tuesday 3|2 Blitz"]
[Site "Chess.com"]
[Date "2015.08.04"]
[Round "6"]
[White "WarlordX"]
[Black "myaccount88"]
[Result "1-0"]
[WhiteElo "2207"]
[BlackElo "2170"]
[TimeControl "180+2"]
[EndTime "12:48:05 PDT"]
[Termination "WarlordX won by resignation"]

1. Nf3 g6 2. g3 Bg7 3. Bg2 e6 4.
O-O Ne7 5. d4 O-O 6. c4 d5 7. Nc3 c6 8. Bf4 dxc4 9. a4 Nd7 10.
Qc2 Nf6 11. e4 b6 12. Rad1 Bb7 13. Qe2 Rc8 14. Qxc4 c5 15. Qe2 c4 16. Rfe1 h6 17.
h4 Re8 18. Ne5 Nh5 19. Nxc4 Nxf4 20. gxf4 Nc6 21. d5 Nd4 22. Qd3 exd5 23. exd5 Rxe1+ 24. Rxe1 Rc5 25. Ne5 Nf5 26. h5 Bxe5 27. fxe5 Qg5 28. hxg6 fxg6 29. Ne4 Rxd5 30. Nf6+ Kg7 31. Nxd5 Nh4 32.
Qg3 Nxg2 33. Qxg5 hxg5 34. Kxg2 Bxd5+ 35. Kg3 Kf7 36. Kg4 Ke6 37. Kxg5 Bb3 38. a5 Bc2 39.
axb6 axb6 40. f4 b5 41. Rc1 Bf5 42. Rc6+ Kd5 43. Rd6+ Kc4 44. e6 Kc5 45. Ra6 b4 46. e7 Bd7 47. Ra8 Kd6 48. e8=Q 1-0

[Event "*** Titled Tuesday 3|2 Blitz"]
[Site "Chess.com"]
[Date "2015.08.04"]
[Round "6"]
[White "ChadaevNikolay"]
[Black "Fh2411"]
[Result "1-0"]
[WhiteElo "2601"]
[BlackElo "2175"]
[TimeControl "180+2"]
[EndTime "12:48:10 PDT"]
[Termination "ChadaevNikolay won on time"]

1. e4 c5 2. Nf3 e6 3. g3 d5 4.
exd5 exd5 5. d4 Nc6 6. Bg2 Bg4 7. O-O Nxd4 8. Qe1+ Be7 9. Nxd4 cxd4 10. Qe5 Nf6 11.
Qxd4 O-O 12. Nc3 Be6 13. Bf4 Qa5 14. Rad1 Rfd8 15. Be5 Rac8 16. Rfe1 h6 17. Qd3 Qb4 18. Bd4 a6 19. a3 Qa5 20. h3 Nd7 21. Ne2 Qc7 22.
c3 Nc5 23. Qf3 Nb3 24. Nf4 Nxd4 25. Rxd4 Bf6 26. Rd2 d4 27. Nxe6 fxe6 28. cxd4 Bxd4 29. Rde2 e5 30. Qxb7 a5 31. Qxc7 Rxc7 32. b4 axb4 33. axb4 Rb8 34. Rb1 Rb6 35. Ra2 Rc3 36. Bd5+ Kf8 37.
Kg2 Ke7 38. Be4 Kf6 39. b5 Ke6 40. Ra6 Kd6 41. Rxb6+ Bxb6 42. Rd1+ Kc7 43. Bc6 Bd4 44. Rd2 Rb3 45. f4 Kb6 46. f5 h5 47. Be8 h4 48.
gxh4 1-0

[Event "*** Titled Tuesday 3|2 Blitz"]
[Site "Chess.com"]
[Date "2015.08.04"]
[Round "6"]
[White "goldaxe"]
[Black "petrpalachev"]
[Result "0-1"]
[WhiteElo "2163"]
[BlackElo "2351"]
[TimeControl "180+2"]
[EndTime "12:48:11 PDT"]
[Termination "petrpalachev won by resignation"]

1. e4 c6 2. d4 d5 3. Nc3 dxe4 4.
Nxe4 Bf5 5. Ng3 Bg6 6. h4 h6 7. Nf3 e6 8. h5 Bh7 9. Bd3 Bxd3 10. Qxd3 Nf6 11. Bd2 c5 12. O-O-O Nc6 13. Kb1 cxd4 14. Bf4 Bc5 15. Ne5 Qd5 16. Rhe1 O-O 17. f3 Nb4 18.
Qc4 Qxc4 19. Nxc4 Rfd8 20. Be5 Nc6 21. Bxf6 gxf6 22. Ne4 Be7 23. g4 b5 24. Ncd2 Rd5 25. Ng3 Bb4 26. Re2 Bxd2 27. Rdxd2 Kg7 28. Re4 Rad8 29. a3 a6 30. Ne2 d3 31. Rxd3 Rxd3 32. cxd3 Rxd3 33. f4 Kf8 34. Kc2 Rd7 35. Kc3 Ke7 36.
Nc1 Rd1 37. Nd3 Kd6 38. a4 Kd5 39. Re2 bxa4 40. Nb4+ Nxb4 41. Kxb4 Rd4+ 42. Ka5 Rxf4 43. Rg2 e5 44. Kxa6 e4 45. Kb5 e3 46. g5 fxg5 0-1

[Event "*** Titled Tuesday 3|2 Blitz"]
[Site "Chess.com"]
[Date "2015.08.04"]
[Round "6"]
[White "dabee"]
[Black "hansen"]
[Result "0-1"]
[WhiteElo "2441"]
[BlackElo "2497"]
[TimeControl "180+2"]
[EndTime "12:48:17 PDT"]
[Termination "hansen won on time"]

1. d4 Nf6 2. Bg5 d5 3. e3 Nbd7 4. Nf3 h6 5. Bf4 Nh5 6. Nbd2 Nxf4 7. exf4 e6 8. c3 Bd6 9. g3 O-O 10. Bd3 c5 11. O-O cxd4 12. Nxd4 Nc5 13. Bc2 Bd7 14. Re1 Rc8 15. N2f3 Qb6 16. Rb1 a5 17. Ne5 Be8 18. Qg4 f5 19. Qe2 Rf6 20. Nd3 Ne4 21. f3 Nc5 22. Kg2 Nxd3 23. Bxd3 Bf7 24. h4 Qd8 25. Rbd1 Rg6 26. Kh3 Rf6 27. c4 Qb6 28.
cxd5 Qxd4 29. Bb5 Qb6 30. Bd7 Rd8 31. dxe6 Be8 32. Rd3 Be7 33. Red1 Kh7 34. Rb3 Qc7 35. Qb5 b6 36. Bxe8 Rxd1 37. Rc3 Qd6 0-1

[Event "*** Titled Tuesday 3|2 Blitz"]
[Site "Chess.com"]
[Date "2015.08.04"]
[Round "6"]
[White "Just-Live-Simply"]
[Black "drifblim"]
[Result "1-0"]
[WhiteElo "2052"]
[BlackElo "2045"]
[TimeControl "180+2"]
[EndTime "12:48:19 PDT"]
[Termination "Just-Live-Simply won by resignation"]

1. Nf3 Nf6 2. g3 e6 3. Bg2 d5 4. O-O Be7 5. d4 O-O 6. c4 c6 7. Qc2 dxc4 8. Qxc4 Nbd7 9. Qc2 Nb6 10. Nc3 Bd7 11. e4 Rc8 12. Rd1 Ne8 13. Be3 Nc4 14.
Bf4 b5 15. b3 Nb6 16. Rac1 a5 17. Qe2 f6 18. Ne1 Ba3 19. Rc2 Qe7 20. Nd3 g5 21. Be3 Ng7 22. Nc5 Bxc5 23. dxc5 Na8 24. Rcd2 Rfd8 25.
Rd3 Be8 26. Qd2 Rxd3 27. Qxd3 h6 28. f4 gxf4 29. Bxf4 Qxc5+ 30. Be3 Qh5 31. Ne2 e5 32. Rf1 c5 33. Rxf6 c4 34. bxc4 bxc4 35. Qc2 Ba4 36. Qd2 Qe8 37. Bxh6 Rd8 38. Qg5 Rd7 39. Rg6 Qf7 40.
Rf6 Qe7 41. Bxg7 Qxg7 42. Rg6 Rd1+ 43. Bf1 1-0

[Event "*** Titled Tuesday 3|2 Blitz"]
[Site "Chess.com"]
[Date "2015.08.04"]
[Round "6"]
[White "Imre91"]
[Black "SenseiJulio"]
[Result "1-0"]
[WhiteElo "2615"]
[BlackElo "2501"]
[TimeControl "180+2"]
[EndTime "12:48:25 PDT"]
[Termination "Imre91 won by resignation"]

1. d4 e6 2. Nf3 d5 3. g3 c5 4. Bg2 Nf6 5. O-O Nc6 6. c4 Be7 7. cxd5 exd5 8. Nc3 O-O 9. Bf4 c4 10. Ne5 h6 11. b3 cxb3 12. Nxc6 bxc6 13. Qxb3 Re8 14. Rac1 Ba6 15. Qa4 Bc4 16. Qxc6 Ba3 17. Rb1 Qa5 18. Bd2 Rac8 19. Qb7 Bxe2 20. Rfe1 Rxc3 21.
Bxc3 Qxc3 22. Qxa7 Kh7 23. Bf1 Bd3 24. Rxe8 Bxb1 25.
Re3 Qd2 26. Qxa3 Ng4 27. Re2 Qd1 28. Qb3 Qc1 29. h3 Nf6 30. Qb2 Qd1 31. Qd2 Qa4 32.
Re3 Ne4 33. Bd3 Bxd3 34. Qxd3 f5 35. Qb3 Qxd4 36. Kg2 Qd2 37. Rf3 Qe2 38. Qe3 Qc2 39. Rxf5 Nxg3 40. Rxd5 Nf5 41. Qd3 Qxd3 42. Rxd3 Kg6 43.
a4 Ne7 44. a5 Nc6 1-0

[Event "*** Titled Tuesday 3|2 Blitz"]
[Site "Chess.com"]
[Date "2015.08.04"]
[Round "6"]
[White "Storne89"]
[Black "FairChess_on_YouTube"]
[Result "0-1"]
[WhiteElo "2503"]
[BlackElo "2739"]
[TimeControl "180+2"]
[EndTime "12:48:26 PDT"]
[Termination "FairChess_on_YouTube won on time"]

1. e4 c5 2. Nf3 d6 3. d4 cxd4 4. Nxd4 Nf6 5. Nc3 a6 6. h3 g6 7. Be3 Bg7 8. g4 b5 9. Bg2 Bb7 10. O-O Nfd7 11. a3 O-O 12. Qd2 Nc6 13. Nxc6 Bxc6 14.
Bh6 Bh8 15. Rae1 Re8 16. f4 Rc8 17. Nd1 Nc5 18. c3 a5 19. Kh1 b4 20. axb4 axb4 21. cxb4 Nb3 22. Qf2 Bb5 23. Rg1 Nc1 24. Qd2 Qb6 25.
Nc3 Nd3 26. Nd5 Qd4 27. Re2 Nxb4 28. Rf2 Nd3 29. Rf3 Nxb2 30. Qxd4 Bxd4 31. Rb1 e6 32. Nb4 Nc4 33. f5 exf5 34. exf5 Ne5 35. Ra3 Bc4 36.
Nd5 Nd3 37. fxg6 hxg6 38. Rb7 Re1+ 39. Kh2 Be5+ 0-1

[Event "*** Titled Tuesday 3|2 Blitz"]
[Site "Chess.com"]
[Date "2015.08.04"]
[Round "6"]
[White "chessking2151"]
[Black "proxy6"]
[Result "1-0"]
[WhiteElo "2003"]
[BlackElo "1909"]
[TimeControl "180+2"]
[EndTime "12:48:38 PDT"]
[Termination "chessking2151 won by resignation"]

1. e4 c5 2. c3 d5 3. exd5 Qxd5 4. d4 Nc6 5. Nf3 Bf5 6. Be3 e6 7. Be2 cxd4 8. cxd4 Nf6 9. Nc3 Qd8 10. O-O Be7 11.
Ne5 O-O 12. Bf3 Rc8 13. a3 Nd7 14. Nxd7 Qxd7 15. d5 exd5 16. Nxd5 Ne5 17. Bxa7 Bc2 18. Qe2 Nxf3+ 19. Qxf3 Bd6 20. Nb6 Qe6 21. Nxc8 Rxc8 22. Be3 Qe5 23. g3 Be4 24. Qd1 Qe6 25. f3 Bd5 26. Re1 Bb3 27. Qd3 Bc4 28. Qd2 Qg6 29.
Qf2 Be5 30. Bd4 Bd6 31. Rac1 Qf5 32. b3 Bxb3 33. Rxc8+ Qxc8 34. Bxg7 Bxa3 35. Bd4 Be6 36. Qd2 Be7 37. Qh6 Qf8 38. Qxf8+ Kxf8 39. Rb1 Bd5 40. Kf2 Ke8 41. f4 Kd7 42. Ke3 Kc7 43. Be5+ Kc6 44.
Kd3 b5 45. Kc3 Kb6 46. Bd4+ Ka5 47. Ra1+ 1-0

[Event "*** Titled Tuesday 3|2 Blitz"]
[Site "Chess.com"]
[Date "2015.08.04"]
[Round "6"]
[White "Mr_Penings"]
[Black "ViktoriaGloriam"]
[Result "0-1"]
[WhiteElo "2203"]
[BlackElo "2191"]
[TimeControl "180+2"]
[EndTime "12:48:45 PDT"]
[Termination "ViktoriaGloriam won by resignation"]

1. c4 e5 2. g3 f5 3. Nc3 Nf6 4. Nf3 Nc6 5. d4 e4 6. Nh4 d6 7. Bg5 Be7 8. Qd2 O-O 9. O-O-O h6 10. Bxf6 Bxf6 11. e3 Bxh4 12. gxh4 Qxh4 13. Nd5 Qd8 14. Rg1 Be6 15. Nf4 Bf7 16. Bh3 Qf6 17. Rg3 Kh8 18.
Rdg1 Rg8 19. Qe2 g5 20. Nh5 Qg6 21. Nf4 Qf6 22. Nd5 Bxd5 23. cxd5 Nb4 24. Qh5 Nxd5 25.
Bf1 Ne7 26. Rh3 Kg7 27. f3 Qg6 28. fxe4 Qxh5 29. Rxh5 fxe4 30. h4 Kg6 31. Be2 g4 32. Bxg4 Kh7 33. Kd2 Rg7 34. Rf1 Rxg4 35. Rf7+ Rg7 36. Rf6 Ng6 37. Kc3 Rf8 38. Re6 Re7 39. Rxe7+ Nxe7 40. Kc4 Rf5 41. Rxh6+ Kxh6 0-1

[Event "*** Titled Tuesday 3|2 Blitz"]
[Site "Chess.com"]
[Date "2015.08.04"]
[Round "6"]
[White "NowInChess"]
[Black "Viaje"]
[Result "1-0"]
[WhiteElo "1965"]
[BlackElo "2165"]
[TimeControl "180+2"]
[EndTime "12:48:47 PDT"]
[Termination "NowInChess won by checkmate"]

1. e4 c5 2. d3 g6 3. g3 Bg7 4. Bg2 e6 5. f4 Ne7 6. c3 d5 7. Nf3 Nbc6 8. Be3 b6 9. e5 Nf5 10.
Bf2 h5 11. O-O Bb7 12. d4 Bf8 13. Na3 Be7 14. Nc2 Qd7 15. Ne3 a6 16. Qd2 h4 17.
g4 Nxe3 18. Bxe3 h3 19. Bh1 a5 20. Ng5 Ba6 21. Rf2 Rh4 22. Bf3 cxd4 23. cxd4 Kf8 24. Kh1 Nb4 25. f5 exf5 26. gxf5 gxf5 27. Be2 Rc8 28.
Bxa6 Rc2 29. Qe1 Bxg5 30. Bxg5 Re4 31. Qf1 Rxf2 32. Qxf2 Nxa6 33. Qf3 Qe6 34. Qxh3 Ke8 35. Rc1 Nc5 36. Qh8+ Kd7 37. Qd8+ Kc6 38. dxc5 bxc5 39. Qxa5 Qxe5 40. Qxc5+ Kd7 41. Qc8+ Kd6 42. Qc7+ Ke6 43.
Qe7# 1-0